 Dungeon Crawl Stone Soup version 0.26.1-11-gd32895ea62 (webtiles) character file.

Game seed: 6368682454972777723

309 vvl the Insei (level 6, -1/41 HPs)
             Began as an Octopode Transmuter on June 18, 2021.
             Slain by a phantom (3 damage)
             ... on level 4 of the Dungeon.
             The game lasted 00:09:39 (5389 turns).

vvl the Insei (Octopode Transmuter)                 Turns: 5389, Time: 00:09:40

Health: -1/41      AC:  1    Str: 12    XL:     6   Next: 41%
Magic:  9/9        EV: 14    Int: 15    God:
Gold:   120        SH:  0    Dex: 12    Spells: 8/9 levels left

rFire    . . .     SeeInvis .     - Unarmed
rCold    . . .     Faith    .   (no shield)
rNeg     . . .     Spirit   .   (helmet restricted)
rPois    .         Reflect  .   (no amulet)
rElec    .         Harm     .   h - ring of resist corrosion
rCorr    +         Rampage  .   (no ring)
Will     .....                  (no ring)
Stlth    ++........             (no ring)
HPRegen  0.13/turn              (no ring)
MPRegen  0.11/turn              (no ring)
                                (no ring)
                                (no ring)

@: no status effects
A: almost no armour, stealthy swim, amphibious, 8 rings, constrict 8, camouflage
1, gelatinous body 1
a: no special abilities


You were on level 4 of the Dungeon.
You visited 1 branch of the dungeon, and saw 4 of its levels.

You collected 120 gold pieces.

Inventory:

Magical Staves
 j - an uncursed staff of fire
Jewellery
 h - a ring of resist corrosion (left tentacle)
 i - an uncursed ring of ice
Scrolls
 c - 3 scrolls of identify {unknown}
 e - 4 scrolls of teleportation {unknown}
 f - 3 scrolls of amnesia {unknown}
 g - 3 scrolls of remove curse {unknown}
 k - a scroll of noise {unknown}
 m - a scroll of enchant weapon {unknown}
Potions
 a - a potion of flight
 d - a potion of degeneration {unknown}
 l - a potion of haste {unknown}


   Skills:
 + Level 2.4 Fighting
 + Level 3.1 Dodging
 * Level 4.4 Unarmed Combat
 - Level 2.0 Spellcasting
 * Level 3.8 Transmutations
 + Level 2.3 Poison Magic


You had 8 spell levels left.
You knew the following spells:

 Your Spells              Type           Power        Failure   Level
a - Beastly Appendage     Tmut           26%          4%          1

Your spell library contained the following spells:

 Spells                   Type           Power        Failure   Level
 Wereblood                Tmut           13%          7%          2
 Spider Form              Tmut/Pois      5%           19%         3
 Ice Form                 Ice/Tmut       7%           69%         4
 Blade Hands              Tmut           6%           77%         5


Dungeon Overview and Level Annotations

Branches:
Dungeon (4/15)
 Temple: D:4-7

Altars:
Cheibriados
Okawaru
Trog
Xom
Zin
The Shining One


Innate Abilities, Weirdness & Mutations

You cannot wear most types of armour.
You are very stealthy in the water. (Stealth+)
You are amphibious.
You can wear up to eight rings at the same time.
You can use your tentacles to constrict eight enemies at once.
Your skin changes colour to match your surroundings (Stealth+).
Your rubbery body absorbs attacks. (AC +1, EV +1)


Message History

The phantom is lightly damaged.
The phantom hits you.
The phantom blinks!
You tentacle-slap the phantom.
The phantom is moderately damaged.
The phantom hits you.
The phantom blinks!
Your tentacle spike disappears.
The phantom hits you!
The phantom blinks!
You miss the phantom.
The phantom is moderately damaged.
The phantom hits you!
You miss the phantom.
The phantom is moderately damaged.
The phantom hits you!
* * * LOW HITPOINT WARNING * * *
The phantom blinks!
The phantom hits you!
* * * LOW HITPOINT WARNING * * *
There is a stone staircase leading up here.
The phantom hits you.
You die...

#...##..#..###
#.............
#....[........
#.............
#.............
#.............
#.......##...
#.......#######
#.....W@.......
#..............
#..............
#####+####.####
.# #


You could see a phantom.

Vanquished Creatures
  2 orc priests (D:3)
  A worker ant (D:3)
  A hound skeleton (D:4)
  9 adders
  3 gnolls (D:2)
  An ooze (D:2)
  4 worms
  2 dart slugs
  9 orcs (D:3)
  2 giant cockroaches
  10 goblins
  8 hobgoblins
  10 jackals
  3 bats
  A frilled lizard (D:3)
  7 kobolds
  11 rats
84 creatures vanquished.

Notes
Turn   | Place    | Note
-------+----------+-------------------------------------------
     0 | D:1      | vvl the Octopode Transmuter began the quest for the Orb.
     0 | D:1      | Reached XP level 1. HP: 13/13 MP: 3/3
   356 | D:1      | Reached XP level 2. HP: 18/18 MP: 3/5
  1186 | D:1      | Reached XP level 3. HP: 22/23 MP: 4/6
  2187 | D:2      | Reached skill level 1 in Poison Magic
  2216 | D:2      | Reached XP level 4. HP: 26/28 MP: 5/7
  2241 | D:2      | Noticed an angel
  2242 | D:2      | Found a shimmering altar of Xom.
  2243 | D:2      | Found a glowing silver altar of Zin.
  2802 | D:2      | Found a snail-covered altar of Cheibriados.
  2904 | D:2      | Noticed a moth of wrath
  2907 | D:2      | Found a bloodstained altar of Trog.
  2938 | D:2      | HP: 1/29 [rat (4)]
  3259 | D:2      | Reached XP level 5. HP: 10/34 MP: 8/8
  3765 | D:3      | Found a glowing golden altar of the Shining One.
  3792 | D:3      | Reached skill level 4 in Unarmed Combat
  4483 | D:3      | Found an iron altar of Okawaru.
  4597 | D:3      | Reached XP level 6. HP: 39/39 MP: 7/9
  5118 | D:4      | Noticed a phantom
  5387 | D:4      | HP: 1/41 [phantom (8)]
  5389 | D:4      | Slain by a phantom

Illustrated notes

Levels and vault maps discovered:
D:1:      heliophobic_arrival_dark_side_of_the_moon, layout_basic,
          dk_noncrumbling_4, minmay_liquid_box
D:2:      layout_rooms, grunt_temple_overflow_order_and_chaos_1,
          cheibriados_altar_1, tgw_trog
D:3:      layout_basic, okawaru_ov_weapons_minmay, tso_metal_star
D:4:      layout_gridville, gammafunk_temple_overflow_wave, serial_forest,
          infiniplex_forest_clump_curved, infiniplex_forest_end_3,
          infiniplex_forest_corner_2, infiniplex_forest_end_double,
          infiniplex_forest_clump_cross, infiniplex_forest_corner_2,
          infiniplex_forest_straight_5, infiniplex_forest_lined_corner,
          infiniplex_forest_lined_3, infiniplex_forest_lined_2

Skill      XL: |  1  2  3  4  5  6 |
---------------+-------------------+-----
Poison Magic   | 1 2 |  2.3
Transmutations | 3 |  3.8
Fighting       | 2 |  2.4
Unarmed Combat | 4 |  4.4
Dodging        | 3 |  3.1
Spellcasting   | |  2.0

Action                   |  1- 3 |  4- 6 || total
-------------------------+-------+-------++-------
Melee: Unarmed           |    78 |   135 ||   213
       Constrict         |    25 |    33 ||    58
       Tentacles         |    12 |    28 ||    40
       Kick              |    13 |    23 ||    36
       Punch             |       |     3 ||     3
 Cast: Beastly Appendage |    16 |    22 ||    38
  Use: Potion            |       |     3 ||     3
 Stab: Sleeping          |     1 |     4 ||     5
Armor: Skin              |    11 |     7 ||    18
Dodge: Dodged            |    40 |    73 ||   113
